 Dungeon Crawl Stone Soup version 0.20-a0-658-g02b20f4 (webtiles) character file.

1503 M4edhros the Covert (level 8, -1/48 HPs)
             Began as an Octopode Artificer on Feb 17, 2017.
             Slain by an orc warrior
             ... wielding a +0 hand axe
              (24 damage)
             ... on level 7 of the Dungeon.
             The game lasted 00:03:39 (2655 turns).

M4edhros the Covert (Octopode Artificer)            Turns: 2655, Time: 00:03:40

Health: -1/48      AC:  1    Str: 11    XL:     8   Next: 82%
Magic:  10/10      EV: 13    Int: 13    God:
Gold:   267        SH:  0    Dex: 15    Spells: 7/7 levels left

rFire    . . .     SeeInvis .   u - +0 dagger (elec)
rCold    . . .     Gourm    +   (no shield)
rNeg     . . .     Faith    .   (helmet restricted)
rPois    .         Spirit   .   B - amulet of the gourmand
rElec    .         Reflect  .   (no ring)
rCorr    .         Harm     .   (no ring)
MR       .....                  (no ring)
Stlth    +++++++...             (no ring)
Regen    0.2/turn               (no ring)
MPRegen  0.2/turn               (no ring)
                                (no ring)
                                (no ring)

@: drained
A: almost no armour, stealthy swim, amphibious, 8 rings, constrict 8, camouflage
1, gelatinous body 1
a: no special abilities


You were on level 7 of the Dungeon.
You were full.

You visited 1 branch of the dungeon, and saw 7 of its levels.

You collected 267 gold pieces.

Inventory:

Hand Weapons
 a - a +0 short sword
 u - a +0 dagger of electrocution (weapon)
Jewellery
 B - an amulet of the gourmand (around mantle)
Wands
 b - a wand of flame (3/48)
 c - a wand of enslavement (10/24)
 d - a wand of random effects (10/48)
 C - a wand of clouds (2/9)
Scrolls
 i - 3 scrolls of fear {unknown}
 j - 4 scrolls of amnesia {unknown}
 k - 2 scrolls of random uselessness {unknown}
 l - a scroll of blinking {unknown}
 n - 4 scrolls of identify {unknown}
 o - a scroll of fog {unknown}
 p - 2 scrolls of remove curse {unknown}
 r - a scroll of teleportation {unknown}
 t - a scroll of recharging {unknown}
 w - a scroll of magic mapping {unknown}
 y - 3 scrolls of noise {unknown}
 z - 2 scrolls of immolation {unknown}
Potions
 e - a potion of degeneration {unknown}
 g - 2 potions of curing {unknown}
 m - a potion of lignification {unknown}
 s - a potion of berserk rage {unknown}
 v - a potion of mutation {unknown}
 x - a potion of brilliance {unknown}
 A - a potion of might {unknown}
Comestibles
 f - 4 bread rations
 h - 2 meat rations
 q - 7 fruits


   Skills:
 - Level 1.0(0.7) Fighting
 - Level 1.0(0.7) Short Blades
 - Level 2.0(1.7) Dodging
 + Level 14.4(14.0) Stealth
 - Level 3.2(3.0) Evocations


You had 7 spell levels left.
You didn't know any spells.

Dungeon Overview and Level Annotations

Branches:
Dungeon (7/15)
 Temple: D:4-7

Altars:
Cheibriados
Makhleb


Innate Abilities, Weirdness & Mutations

You cannot wear most types of armour.
You are very stealthy in the water. (Stealth+)
You are amphibious.
You can wear up to eight rings at the same time.
You can use your tentacles to constrict eight enemies at once.
Your skin changes colour to match your surroundings (Stealth+).
Your rubbery body absorbs attacks. (AC +1, EV +1)


Message History

The orc warrior is lightly wounded.
The orc wizard closely misses you.
You hit the orc warrior but do no damage.
There is a sudden explosion of sparks!
You grab the orc warrior.
The orc warrior is severely wounded.
You constrict the orc warrior, but do no damage.
The orc warrior hits you with a hand axe!
Unknown command.
You hit the orc warrior but do no damage.
The orc warrior is severely wounded.
You constrict the orc warrior, but do no damage.
The orc wizard hits you with a long sword.
The orc warrior hits you with a hand axe!
You hit the orc warrior.
The orc warrior is severely wounded.
You constrict the orc warrior, but do no damage.
The orc wizard hits you with a long sword.
The orc warrior hits you with a hand axe!!
Ouch! That really hurt!
You die...

........######.......#
### ........#
##........# ........#
##..#....... .####.###
#..#......
...##.#####.#..>...
...##.....#......#
................##
...######........#
...# #.......o@# ...#
#........ooo..# ...#
#.............# ####
#..........#...#
....#########.#.)#
..... .#### ...... #
......


You could see an orc warrior, an orc wizard and 2 orcs.

Vanquished Creatures
  An orc warrior (D:7)
  An ice beast (D:5)
  2 ogres (D:7)
  A necrophage (D:7)
  A centaur (D:5)
  The ghost of M4edhros the Sneak, an amateur OpAr (D:4)
  A bullfrog (D:7)
  3 orc priests (D:7)
  2 scorpions
  2 crimson imps
  An orc wizard (D:7)
  2 hounds (D:5)
  2 bullfrog skeletons (D:4)
  A centaur skeleton (D:6)
  An iguana (D:4)
  3 worker ants
  A hound zombie (D:5)
  A worker ant zombie (D:5)
  4 gnolls (D:4)
  5 adders
  A shadow imp (D:5)
  A dart slug (D:4)
  3 leopard geckos
  10 orcs
  A giant cockroach (D:5)
  6 jackals
  3 quokkas
  2 bats
  2 frilled lizards (D:4)
  A leopard gecko skeleton (D:4)
  3 rats
69 creatures vanquished.

Vanquished Creatures (collateral kills)
  An ogre (D:7)
  A bullfrog (D:7)
  A crimson imp (D:7)
  An orc wizard (D:7)
  2 orcs (D:7)
6 creatures vanquished.

Vanquished Creatures (others)
  An orc (D:7)
1 creature vanquished.

Grand Total: 76 creatures vanquished

Notes
Turn   | Place    | Note
-------+----------+-------------------------------------------
     0 | D:1      | M4edhros the Octopode Artificer began the quest for the Orb.
     0 | D:1      | Reached XP level 1. HP: 13/13 MP: 3/3
    18 | D:1      | Reached skill level 2 in Stealth
   114 | D:2      | Reached skill level 3 in Stealth
   114 | D:2      | Reached XP level 2. HP: 17/18 MP: 4/4
   206 | D:3      | Reached skill level 4 in Stealth
   206 | D:3      | Reached XP level 3. HP: 17/23 MP: 5/5
   231 | D:4      | Noticed M4edhros's ghost (amateur OpAr)
   254 | D:4      | Killed M4edhros's ghost
   254 | D:4      | Reached skill level 6 in Stealth
   254 | D:4      | Reached XP level 4. HP: 19/28 MP: 6/6
   282 | D:4      | Reached XP level 5. HP: 22/33 MP: 7/7
   286 | D:4      | Reached skill level 7 in Stealth
   357 | D:5      | Entered Level 5 of the Dungeon
   493 | D:5      | Noticed an ice beast
   498 | D:5      | Killed an ice beast
   498 | D:5      | Reached skill level 8 in Stealth
   498 | D:5      | Reached XP level 6. HP: 28/38 MP: 8/8
   545 | D:5      | Reached skill level 9 in Stealth
   640 | D:5      | Found a burning altar of Makhleb.
   766 | D:5      | Reached skill level 10 in Stealth
   766 | D:5      | Reached XP level 7. HP: 43/43 MP: 9/9
  1381 | D:4      | Reached skill level 11 in Stealth
  1414 | D:4      | Found a snail-covered altar of Cheibriados.
  1977 | D:7      | Reached skill level 12 in Stealth
  2026 | D:7      | Reached XP level 8. HP: 33/48 MP: 10/10
  2084 | D:7      | Reached skill level 13 in Stealth
  2087 | D:7      | Killed an orc warrior
  2359 | D:7      | Reached skill level 14 in Stealth
  2655 | D:7      | Slain by an orc warrior

Vault maps used:
D:1:      saegor_arrival_simple_a
D:2:      lemuel_coloured_pillars_altar, minivault_14, uniq_natasha,
          uniq_crazy_yiuf_cottage
D:3:      chequers_ecumenical_altar_lobes, grunt_qazlal_clouds, uniq_robin
D:4:      kennysheep_slug_shrine, first_bread, kennysheep_small_circle
D:5:      makhleb_heckhound_becter
D:6:      temple_green, basic_altar
D:7:      nicolae_overflow_hidden_temple, basic_altar

Skill      XL: |  1  2  3  4  5  6  7  8 |
---------------+-------------------------+-----
Stealth        | 3 4 6 8 10 12 14 | 14.4
Fighting       | |  1.0
Short Blades   | |  1.0
Dodging        | |  2.0
Evocations     | |  3.2

Action                   |  1- 3 |  4- 6 |  7- 9 || total
-------------------------+-------+-------+-------++-------
Melee: Short sword       |    23 |    12 |       ||    35
       Constrict         |     3 |     4 |    20 ||    27
       Tentacles         |     2 |     1 |    20 ||    23
       Dagger            |       |    14 |    96 ||   110
Evoke: Wand              |     4 |     4 |    14 ||    22
 Stab: Sleeping          |     4 |    13 |    12 ||    29
  Eat: Chunk             |       |       |    12 ||    12
Armor: Skin              |     3 |     1 |     3 ||     7
Dodge: Dodged            |    14 |    10 |    42 ||    66
